 Dungeon Crawl Stone Soup version 0.19-a0-1254-gb9c29c0 (webtiles) character file.

56 4thArraOfDagon the Scratcher (level 3, -6/17 HPs)
             Began as a Felid Wanderer on Aug 27, 2016.
             Was a Follower of Makhleb.
             Mangled by an ogre
             ... wielding a +0 giant club
              (15 damage)
             ... on level 6 of the Dungeon.
             The game lasted 00:08:21 (1929 turns).

4thArraOfDagon the Scratcher (Felid Wanderer)       Turns: 1929, Time: 00:08:21

Health: -6/17      AC:  1    Str:  8    XL:     3   Next: 71%
Magic:  4/4        EV: 17    Int: 17    God:    Makhleb [*.....]
Gold:   119        SH:  0    Dex: 12    Spells: 0 memorised, 2 levels left
                                        Lives:  0   Deaths: 1

rFire  . . .     SeeInvis +       - Unarmed
rCold  . . .     Gourm    .     (armour unavailable)
rNeg   + . .     Faith    .     (shield unavailable)
rPois  .         Spirit   .     (helmet unavailable)
rElec  .         Dismiss  .     (cloak unavailable)
rCorr  .         Reflect  .     (gloves unavailable)
MR     .....     Harm     .     (boots unavailable)
Stlth  +++.......               (no amulet)
                                (no ring)
                                m - ring of positive energy

@: quick
A: no armour, no weapons or thrown items, claws 1, fangs 3, see invisible,
carnivore 3, speed 1, shaggy fur 1, slow metabolism 1, sharp paws
a: Renounce Religion


You were on level 6 of the Dungeon.
You worshipped Makhleb.
Makhleb was aware of your devotion.
You were full.

You visited 2 branches of the dungeon, and saw 7 of its levels.

You collected 119 gold pieces.

Inventory:

Jewellery
 m - a ring of positive energy (left paw)
Scrolls
 b - 2 scrolls of teleportation
 f - a scroll of fog {unknown}
 g - a scroll of random uselessness
 k - a scroll of remove curse {unknown}
 n - a scroll of fear {unknown}
 o - a scroll of recharging {unknown}
Potions
 a - 2 potions of berserk rage
 c - a potion of lignification
 e - a potion of agility
 h - a potion of curing
 i - a potion of heal wounds
 j - a potion of flight
 l - a potion of haste
Comestibles
 d - 2 meat rations


   Skills:
 + Level 3.4 Fighting
 + Level 2.6 Dodging
 + Level 3.9 Stealth
 * Level 4.0 Unarmed Combat
 + Level 1.3 Invocations
   Level 1.1 Evocations


You had 2 spell levels left.
You didn't know any spells.

Dungeon Overview and Level Annotations

Branches:
Dungeon (6/15)             Temple (1/1) D:5

Altars:
Ashenzari
Dithmenos
Elyvilon
Gozag
Hepliaklqana
Kikubaaqudgha
Makhleb
Ru
Trog
Uskayaw
Xom
Yredelemnul
Zin
The Shining One

Annotations:
D:3 Ijyb
D:4 Dowan, Duvessa
D:5 Menkaure; Sigmund; azzavlup's ghost, novice TrFi


Innate Abilities, Weirdness & Mutations

You cannot wear armour.
You are incapable of wielding weapons or throwing items.
You have sharp claws.
You have razor-sharp teeth.
You have supernaturally acute eyesight. (SInv)
You are carnivorous and can eat meat at any time.
You cover ground quickly.
You are covered in fur. (AC +1)
You have a slow metabolism.
Your sharp claws are effective at attacking unaware monsters.


Message History

You start eating one of the 2 chunks of flesh.
You continue eating. x2
You finish eating.
This raw flesh tastes great.
Eat a chunk of flesh? (ye/n/q)
You start eating the chunk of flesh.
You continue eating. x2
You finish eating.
This raw flesh tastes great.
You see here a ring mail.
Unknown command.
An ogre comes into view. It is wielding a giant club.
Unknown command.
Unknown command.
Found a scroll of identify.
Unknown command.
You pounce on the unaware helpless ogre!
You mangle the ogre!!
The ogre is severely wounded.
The ogre hits you with a giant club!
Ouch! That really hurt!
You die...

......#.#
......#.###
#######...#
....# ###.#####
## ###.#
##..[..###.#
#...........$.#
...#########.#.#
. #.#.####.#
#.@......#
......O.#######
##?####.# ...
#... ##.. ...
###


You could see an ogre.

Vanquished Creatures
  2 worker ants
  A worker ant zombie (D:6)
  2 adders
  2 dart slugs (D:2)
  2 giant geckos (D:2)
  2 orcs (D:4)
  2 giant cockroaches (D:2)
  2 goblins (D:2)
  3 hobgoblins
  A quokka (D:5)
  A ball python (D:6)
  A giant newt (D:3)
  A jackal zombie (D:6)
  3 kobolds
  15 rats
40 creatures vanquished.

Notes
Turn   | Place    | Note
-------+----------+-------------------------------------------
     0 | D:1      | 4thArraOfDagon the Felid Wanderer began the quest for the Orb.
     0 | D:1      | 4thArraOfDagon set off with: a potion of berserk rage, a scroll of teleportation, a potion of lignification, a meat ration
     0 | D:1      | Reached XP level 1. HP: 10/10 MP: 2/2
   165 | D:4      | Noticed a hound
   170 | D:5      | Entered Level 5 of the Dungeon
   173 | D:5      | Found a staircase to the Ecumenical Temple.
   188 | Temple   | Entered the Ecumenical Temple
   260 | Temple   | Became a worshipper of Makhleb the Destroyer
   281 | D:5      | Noticed a worker ant
   495 | D:1      | Reached XP level 2. HP: 11/14 MP: 3/3
   766 | D:2      | Reached * piety under Makhleb
   873 | D:2      | Found a shattered altar of Ashenzari.
   878 | D:2      | Reached XP level 3. HP: 14/17 MP: 4/4
  1044 | D:3      | Noticed Ijyb
  1102 | D:4      | Reached skill level 1 in Invocations
  1154 | D:4      | Reached XP level 4. HP: 12/21 MP: 5/5
  1193 | D:4      | Noticed Duvessa
  1271 | D:4      | Noticed Dowan
  1548 | D:5      | Noticed azzavlup's ghost (novice TrFi)
  1568 | D:5      | Found a bloodstained altar of Trog.
  1579 | D:5      | Reached skill level 4 in Unarmed Combat
  1609 | D:5      | Noticed Menkaure
  1610 | D:5      | Noticed Sigmund
  1812 | D:6      | Slain by a worm
  1813 | D:6      | Reached XP level 3. HP: 0/17 MP: 4/4
  1925 | D:6      | Noticed an ogre
  1929 | D:6      | Mangled by an ogre

Vault maps used:
D:1:      erik_arrival_orb_chamber, serial_bayou_pond_d, minivault_23
D:2:      lemuel_doored_altar, serial_co_window_serial, co_window_cross_1,
          co_window_of_opportunity_a, co_window_paths_a, co_window_paths_a,
          co_window_paths_a, co_window_of_opportunity_a, co_window_paths_a,
          co_window_corner_b, co_window_unsneaky_path_b, co_window_broadway_b,
          co_window_corner_b, glass_columns_a, glass_columns_a, glass_columns_b,
          glass_columns_a, minmay_split_cup_large
D:3:      nicolae_overflow_hidden_temple, uniq_iyjb
D:4:      lemuel_round_altar, uniq_duvessa, uniq_pikel
D:5:      old_standard_altar, first_bread, kennysheep_small_spiral,
          uniq_menkaure, uniq_sigmund
D:6:      nemelex_altar_shiori
Temple:   regret_index_temple_sphere_string

Skill      XL: |  1  2  3  4 |
---------------+-------------+-----
Stealth        | 3 |  3.9
Dodging        | 2 |  2.6
Invocations    | 1 |  1.3
Unarmed Combat | 4 |  4.0
Fighting       | |  3.4
Evocations     | |  1.1

Action                   |  1- 3 |  4- 6 || total
-------------------------+-------+-------++-------
Melee: Unarmed           |    92 |    28 ||   120
       Bite              |     3 |     1 ||     4
  Use: Scroll            |     3 |     3 ||     6
       Potion            |       |     1 ||     1
 Stab: Sleeping          |     7 |     1 ||     8
  Eat: Chunk             |    11 |       ||    11
Armor: Skin              |     1 |     2 ||     3
Dodge: Dodged            |    41 |    22 ||    63
